 Dungeon Crawl Stone Soup version 0.27-a0-385-g3208abaabc (webtiles) character file.

Game seed: 8655850521846746176

23 kae the Ruffian (level 2, 0/23 HPs)
             Began as a Draconian Transmuter on Feb 18, 2021.
             Succumbed to an adder's poison
             ... on level 2 of the Dungeon.
             The game lasted 00:01:11 (1052 turns).

kae the Ruffian (Draconian Transmuter)              Turns: 1052, Time: 00:01:11

Health: 0/23       AC:  5    Str: 12    XL:     2   Next: 75%
Magic:  5/5        EV: 12    Int: 13    God:
Gold:   47         SH:  0    Dex: 11    Spells: 4/5 levels left

rFire    . . .     SeeInvis .     - Unarmed
rCold    . . .     Faith    .   (no shield)
rNeg     . . .     Spirit   .   (armour unavailable)
rPois    .         Reflect  .   (helmet restricted)
rElec    .         Harm     .   (no cloak)
rCorr    .         Rampage  .   a - +0 pair of gloves
Will     .....                  (no boots)
Stlth    +.........             (no amulet)
HPRegen  0.07/turn              (no ring)
MPRegen  0.09/turn              (no ring)

@: lethally poisoned (0 -> -9)
A: unfitting armour, cold-blooded, AC +4
a: no special abilities


You were on level 2 of the Dungeon.
You visited 1 branch of the dungeon, and saw 2 of its levels.

You collected 47 gold pieces.

Inventory:

Armour
 a - a +0 pair of gloves (worn)
Jewellery
 f - a +4 ring of evasion {unknown}
Wands
 e - a wand of digging (7)
Scrolls
 b - a scroll of enchant armour {unknown}
 c - a scroll of enchant weapon {unknown}
Potions
 d - 2 potions of lignification


   Skills:
 + Level 1.5 Fighting
 + Level 2.0 Dodging
 * Level 3.3 Unarmed Combat
 + Level 2.1 Spellcasting
 * Level 2.4 Transmutations


You had 4 spell levels left.
You knew the following spells:

 Your Spells              Type           Power        Failure   Level
a - Beastly Appendage     Tmut           14%          10%         1

Your spell library contained the following spells:

 Spells                   Type           Power        Failure   Level
 Wereblood                Tmut           7%           14%         2
 Spider Form              Tmut/Pois      2%           41%         3
 Ice Form                 Ice/Tmut       4%           83%         4
 Blade Hands              Tmut           3%           95%         5


Dungeon Overview and Level Annotations

Branches:
Dungeon (2/15)

Altars:


Innate Abilities, Weirdness & Mutations

Your plain brown scales are hard. (AC +4)
You cannot fit into any form of body armour.
You are cold-blooded and may be slowed by cold attacks.


Message History

You miscast Beastly Appendage.
You are very lightly contaminated with residual magic.
Nothing appears to happen.
An adder comes into view.
The adder hisses angrily.
You completely miss the adder. The adder closely misses you.
You miss the adder. The adder barely misses you. The worm bites you.
You barely miss the adder. The adder bites you.
You are poisoned.
The adder poisons you! The adder closely misses you.
Your magical contamination has completely faded away.
You barely miss the adder. Your punch misses the adder.
You feel sick. The worm closely misses you. The adder barely misses you.
You hit the adder but do no damage.
Your tail-slap misses the adder.
The adder bites you but does no damage. The worm closely misses you.
You closely miss the adder.
You feel sick. The adder closely misses you.
You hit the adder.
Your tail-slap misses the adder.
The adder is lightly wounded.
The adder barely misses you. The worm bites you!
You are too injured to fight recklessly!
You are too injured to fight recklessly!
You are too injured to fight recklessly!
You are too injured to fight recklessly!
You feel sick. The adder bites you but does no damage.
You punch the adder!
The adder is almost dead.
The adder bites you but does no damage.
You miss the adder.
The adder is almost dead.
You feel sick. The adder misses you. The adder bites you.
* * * LOW HITPOINT WARNING * * *
You closely miss the adder.
The adder is almost dead.
The adder bites you.
* * * LOW HITPOINT WARNING * * *
You are more poisoned.
The adder poisons you!
You barely miss the adder.
The adder is almost dead.
You die...

#.#.............+ #
#......##########
###.#................
+...#......##########
#..........#
#.###....###### #.
#.........# #.
##.######.## #.##@##
#.#S## #.w##
...........#
......###### ......
..... ..... ....


You could see a worm and an adder.

Vanquished Creatures
  An ooze (D:1)
  A dart slug (D:1)
  2 giant cockroaches (D:1)
  A hobgoblin (D:1)
  3 bats (D:1)
  5 frilled lizards
  5 kobolds
  2 rats (D:1)
20 creatures vanquished.

Notes
Turn   | Place    | Note
-------+----------+-------------------------------------------
     0 | D:1      | kae the Draconian Transmuter began the quest for the Orb.
     0 | D:1      | Reached XP level 1. HP: 16/16 MP: 3/3
   376 | D:1      | Reached XP level 2. HP: 18/23 MP: 3/5
  1051 | D:2      | HP: 1/23 [adder (1)]
  1052 | D:2      | Succumbed to an adder's poison

Illustrated notes

Levels and vault maps discovered:
D:1:      dpeg_arrival_orchard, layout_loops_ring
D:2:      layout_basic, minmay_cut_off, uniq_jessica, uniq_robin

Skill      XL: |  1  2 |
---------------+-------+-----
Dodging        | 2 |  2.0
Fighting       | |  1.5
Unarmed Combat | |  3.3
Spellcasting   | |  2.1
Transmutations | |  2.4

Action                   || total
-------------------------++-------
Melee: Unarmed           ||    76
       Kick              ||     7
       Tailslap          ||     6
       Headbutt          ||     1
 Cast: Beastly Appendage ||    11
  Use: Scroll            ||     2
Armor: Skin              ||    29
Dodge: Dodged            ||    60

Table legend: (Time is in decaauts)
 A = Elapsed time spent in this place.
 B = Non-inter-level travel time spent in this place.
 C = Inter-level travel time spent in this place.
 D = Time resting spent in this place.
 E = Time spent auto-exploring this place.
 F = Levels seen in this place.
 G = Mean time per level.
                   A        B        C        D        E       F      G
               +--------+--------+--------+--------+--------+-----+--------+
         Total |   1047 |   1014 |     33 |    100 |    739 |   2 |  523.5 |
       Dungeon |   1047 |   1014 |     33 |    100 |    739 |   2 |  523.5 |
               +--------+--------+--------+--------+--------+-----+--------+

Top non-repeatable levels by time:
     D:1: 868 daAuts
     D:2: 178 daAuts
